Map: Dasan Station LE

Players

Fropez - Winner!

  • Race: Protoss Protoss
  • League: Gold
  • Spawn Location: 6:00

KobusNovus

  • Race: Zerg Zerg
  • League: Gold
  • Spawn Location: 12:00

VOD

Have the link to the VOD?

Description

Time

  • Played on: Oct. 16, 2016, 8:51 p.m.
  • Length: 20:02
Show
View Real Time Build Order
Export as new Build Order

Fropez Protoss - Winner!

Build Orders:  

Get SALT Encoding   

  12  0:01  Probe (Chrono Boost)  
  13  0:16  Pylon  
  13  0:20  Probe (Chrono Boost)  
  14  0:30  Probe (Chrono Boost)  
  15  0:42  Probe (Chrono Boost)  
  16  0:52  Gateway  
  16  0:53  Gateway  
  16  0:54  Probe (Chrono Boost)  
  17  1:10  Probe (Chrono Boost)  
  17  1:11  Pylon  
  18  1:19  Assimilator  
  18  1:21  Probe (Chrono Boost)  
  19  1:31  Probe (Chrono Boost)  
  20  1:47  Nexus  
  20  1:51  Probe (Chrono Boost)  
  21  2:12  Probe (Chrono Boost)  
  22  2:22  Pylon  
  22  2:23  Probe (Chrono Boost)  
  22  2:24  Cybernetics Core  
  22  2:26  Assimilator  
  23  2:33  Probe (Chrono Boost)  
  25  2:44  Probe (Chrono Boost)  
  25  2:47  Gateway  
  25  2:58  Probe (Chrono Boost)  
  25  3:00  Probe (Chrono Boost)  
  27  3:11  Warp Gate (Chrono Boost), Mothership Core (Chrono Boost)  
  29  3:13  Probe (Chrono Boost)  
  29  3:14  Adept x2  
  34  3:21  Pylon  
  33  3:36  Probe (Chrono Boost)  
  33  3:39  Probe (Chrono Boost)  
  33  3:40  Pylon  
  35  3:50  Pylon, Probe (Chrono Boost)  
  35  3:55  Probe (Chrono Boost)  
  37  4:01  Gateway  
  37  4:02  Gateway  
  37  4:03  Stalker  
  37  4:05  Stalker  
  37  4:09  Probe (Chrono Boost)  
  42  4:18  Probe (Chrono Boost)  
  42  4:21  Probe (Chrono Boost)  
  42  4:23  Assimilator  
  43  4:33  Probe  
  38  4:47  Probe  
  38  4:50  Pylon  
  39  4:59  Probe x2  
  40  5:00  Pylon  
  41  5:16  Adept x4  
  41  5:17  Adept  
  51  5:41  Probe  
  45  5:43  Probe  
  46  5:54  Stalker x3  
  46  5:55  Stalker x2  
  56  5:57  Probe  
  56  5:59  Probe  
  52  6:04  Forge  
  52  6:08  Probe  
  51  6:20  Probe  
  51  6:21  Probe  
  53  6:32  Probe  
  53  6:35  Probe, Robotics Facility  
  55  6:42  Probe  
  55  6:43  Protoss Ground Weapons Level 1 (Chrono Boost)  
  55  6:44  Pylon  
  56  6:49  Probe  
  56  6:52  Twilight Council  
  57  7:04  Probe  
  57  7:05  Probe  
  57  7:07  Assimilator  
  59  7:17  Probe  
  59  7:20  Blink (Chrono Boost)  
  60  7:22  Adept  
  60  7:23  Adept x4  
  60  7:28  Warp Prism  
  72  7:40  Probe, Assimilator  
  73  8:08  Probe  
  73  8:09  Probe  
  73  8:10  Nexus  
  73  8:12  Pylon  
  75  8:13  Pylon  
  75  8:31  Stalker x2  
  75  8:32  Stalker x3  
  85  8:37  Probe  
  85  8:38  Probe  
  76  9:13  Stalker x2  
  76  9:14  Stalker x3  
  76  9:15  Resonating Glaives  
  58  9:35  Mothership Core  
  42  10:03  Stalker  
  42  10:04  Stalker x2  
  42  10:18  Probe  
  42  10:19  Probe  
  37  10:29  Probe  
  37  10:31  Probe  
  35  10:45  Stalker x3  
  35  10:46  Probe  
  35  10:48  Probe  
  43  10:57  Probe  
  43  11:00  Probe  
  45  11:07  Immortal (Chrono Boost)  
  49  11:13  Stalker  
  51  11:20  Probe  
  51  11:22  Probe  
  51  11:25  Stalker  
  55  11:34  Pylon  
  55  11:41  Stalker  
  51  11:55  Immortal (Chrono Boost)  
  45  12:09  Adept  
  45  12:10  Adept x2  
  51  12:17  Probe  
  51  12:18  Probe  
  52  12:27  Probe  
  52  12:29  Gateway  
  53  12:30  Probe  
  54  12:42  Probe  
  55  12:44  Probe  
  56  13:01  Adept x3  
  56  13:04  Pylon  
  54  13:27  Adept x2  
  54  13:28  Adept  
  54  13:31  Immortal (Chrono Boost)  
  64  13:35  Probe  
  64  13:36  Protoss Ground Weapons Level 2  
  64  13:37  Probe  
  66  13:46  Probe  
  67  13:53  Probe  
  67  13:54  Nexus  
  68  14:03  Adept x2  
  76  14:17  Immortal (Chrono Boost)  
  76  14:27  Stalker x2  
  80  14:31  Stalker  
  82  15:01  Probe  
  82  15:03  Probe  
  84  15:12  Stalker x5  
  84  15:13  Stalker  
  88  15:32  Probe  
  88  15:33  Probe  
  88  15:34  Probe  
  83  15:43  Pylon  
  83  15:48  Gateway  
  83  15:52  Assimilator  
  83  15:55  Stalker x4  
  83  15:56  Assimilator  
  91  16:00  Dark Shrine  
  89  16:28  Probe x2  
  89  16:29  Probe  
  92  16:46  Adept x4  
  100  16:48  Probe  
  100  16:52  Pylon  
  101  16:54  Pylon  
  101  16:56  Pylon  
  101  17:02  Pylon  
  101  17:05  Probe  
  96  17:16  Probe  
  96  17:17  Probe  
  96  17:18  Probe  
  99  17:37  Dark Templar x5  
  109  18:19  Stalker  
  101  18:20  Stalker x3  
  101  18:21  Stalker x2  
  111  18:51  Zealot x7  
  125  18:57  Assimilator  
  125  19:00  Assimilator  
  125  19:09  Gateway  
  125  19:11  Gateway  
  125  19:15  Gateway  
  125  19:16  Pylon  
  125  19:19  Gateway  
  125  19:23  Pylon  
  123  19:33  Nexus  
  107  19:42  Dark Templar x5  
  107  19:43  Dark Templar  
Show
View Real Time Build Order
Export as new Build Order

KobusNovus Zerg 

Build Orders: Pool First 

Get SALT Encoding   

  12  0:04  Drone  
  13  0:25  Spawning Pool, Drone  
  13  0:29  Drone  
  14  0:38  Overlord  
  14  0:47  Extractor  
  13  1:18  Zergling x2  
  14  1:19  Zergling x4, Hatchery  
  15  1:30  Drone  
  16  2:18  Drone x3  
  16  2:19  Queen  
  16  2:21  Extractor  
  20  2:34  Roach Warren  
  19  2:38  Evolution Chamber  
  19  2:39  Drone  
  19  2:40  Evolution Chamber  
  19  2:41  Drone  
  19  2:43  Drone  
  20  2:51  Metabolic Boost  
  20  3:03  Drone  
  21  3:08  Drone x2  
  21  3:11  Drone  
  24  3:26  Zerg Missile Weapons Level 1  
  24  3:35  Lair  
  24  3:36  Drone  
  24  3:41  Drone  
  26  3:48  Overlord  
  26  4:02  Drone  
  27  4:03  Drone  
  28  4:11  Drone  
  28  4:12  Zergling x2, Drone x2  
  32  4:21  Zergling x4  
  32  4:51  Roach  
  32  4:52  Overlord, Zergling x2  
  35  4:53  Overlord x3, Hydralisk Den  
  34  5:03  Overlord  
  34  5:13  Drone  
  35  5:14  Queen  
  35  5:19  Glial Reconstitution  
  37  5:24  Muscular Augments  
  37  5:26  Drone  
  38  5:33  Spore Crawler  
  30  5:44  Roach x2  
  25  6:05  Roach  
  26  6:13  Roach  
  28  6:22  Drone x2  
  30  6:26  Drone  
  31  6:37  Drone  
  31  6:38  Drone  
  34  6:40  Drone  
  32  7:04  Zergling x10  
  37  7:15  Drone  
  37  7:16  Drone x2  
  37  7:21  Zergling x4  
  37  7:22  Zergling x4  
  44  7:23  Zergling x2  
  44  7:29  Drone  
  46  7:48  Nydus Network  
  45  7:53  Drone x2  
  45  7:54  Zergling x2  
  45  7:55  Zergling x2, Roach  
  45  7:57  Drone x2  
  53  7:59  Drone x2  
  55  8:14  Hydralisk  
  55  8:15  Hydralisk x2  
  61  8:20  Hydralisk  
  63  8:28  Hydralisk  
  63  8:29  Hydralisk  
  67  8:35  Nydus Canal  
  56  9:31  Zergling x12  
  57  9:32  Zergling x2  
  38  9:54  Roach  
  38  9:55  Roach x3  
  13  10:23  Drone x4, Roach x2  
  13  10:27  Hatchery  
  14  10:51  Hydralisk x2, Roach x2  
  22  11:03  Zergling x4  
  25  11:11  Drone  
  25  11:13  Drone  
  26  11:20  Zergling x4  
  26  11:21  Queen  
  30  11:39  Drone  
  32  11:40  Drone x3  
  22  12:22  Hydralisk x3  
  18  12:25  Drone  
  18  12:27  Drone x2  
  23  12:39  Drone  
  23  12:40  Drone x2  
  26  12:56  Hydralisk  
  26  12:58  Drone x3  
  31  13:01  Drone  
  31  13:04  Drone  
  33  13:12  Drone x2  
  29  13:29  Drone  
  29  13:30  Hydralisk, Drone  
  29  13:31  Hydralisk  
  29  13:34  Drone  
  36  13:36  Drone  
  36  13:40  Drone  
  38  13:48  Spine Crawler  
  38  13:49  Drone  
  38  13:52  Drone  
  38  13:55  Drone  
  40  14:12  Hydralisk x2  
  40  14:15  Drone x4  
  48  14:26  Drone x2  
  48  14:28  Drone x2  
  48  14:29  Extractor  
  51  14:31  Drone  
  51  14:32  Drone  
  51  14:35  Queen  
  40  14:59  Hydralisk  
  40  15:00  Hydralisk x2  
  40  15:01  Drone x3  
  40  15:02  Drone  
  43  15:20  Hydralisk  
  43  15:31  Drone x4  
  45  15:43  Nydus Canal  
  45  15:52  Drone  
  45  15:53  Drone  
  45  15:54  Drone  
  48  15:57  Drone  
  43  16:30  Hydralisk x4  
  34  16:48  Spine Crawler  
  34  16:52  Drone  
  34  16:54  Spore Crawler  
  34  16:55  Drone  
  32  17:13  Drone  
  32  17:14  Drone  
  32  17:23  Drone  
  32  17:26  Drone  
  34  17:31  Drone  
  35  17:38  Drone  
  35  17:42  Drone  
  37  17:55  Overseer  
  37  17:56  Overseer x2  
  37  18:24  Hydralisk Den  
  36  18:30  Infestation Pit  
  36  18:34  Drone x3  
  37  18:35  Queen  
  40  18:52  Roach x3  
  46  18:56  Hydralisk  
  46  19:00  Drone  
  49  19:14  Roach  
  43  19:39  Overlord x5  
  43  19:53  Spine Crawler  
  43  19:59  Spine Crawler  
Tags
 
League
GoldGold
Matchup
PvZ
Opening
Pool First
Replay Pack
All Mines
Spawn Locations
Cross Positions
Add a new tag
Caveats
  • Supply blocks, unpowered buildings, or Contaminate may cause inaccurate times.
  • Supply counts are checked every 10 seconds.